 Dungeon Crawl Stone Soup version 0.30-a0-52-g86a8295270 (webtiles) character file.

Game seed: 5829693577325943312

3670 frimble the Firebug (level 9, -1/65 HPs)
             Began as a Demonspawn Cinder Acolyte on Sept 6, 2022.
             Was a High Priest of Ignis.
             Slain by a manticore (2 damage)
             ... on level 7 of the Dungeon.
             The game lasted 00:13:55 (9311 turns).

frimble the Firebug (Demonspawn Cinder Acolyte)     Turns: 9311, Time: 00:13:56

Health: -1/65      AC: 18    Str: 14    XL:     9   Next: 89%
Magic:  13/13      EV: 11    Int: 18    God:    Ignis [*****.]
Gold:   445        SH:  0    Dex: 11    Spells: 12/14 levels left

rFire   + . .      SeeInvis .    f - +0 dagger (spect)
rCold   . . .      Faith    .    (no shield)
rNeg    . . .      Spirit   .    a - +0 robe
rPois   .          Reflect  .    (helmet restricted)
rElec   .          Harm     .    (no cloak)
rCorr   .          Rampage  .    p - +1 pair of gloves
Will    .....                    (no boots)
Stlth   +++.......               (no amulet)
HPRegen 0.20/turn                j - +4 ring of protection
MPRegen 0.13/turn                (no ring)

@: about to teleport, fiery-armoured
A: horns 1, icy blue scales 2, ignite blood 1, powered by death 2
a: Renounce Religion, Fiery Armour, Foxfire Swarm, Rising Flame


You were on level 7 of the Dungeon.
You worshipped Ignis.
Ignis was extremely pleased with you.
You visited 1 branch of the dungeon, and saw 7 of its levels.

You collected 445 gold pieces.

Inventory:

Hand Weapons
 f - a +0 spectral dagger (weapon)
 s - a +1 falchion of protection
Missiles
 m - a throwing net
Armour
 a - a +0 robe (worn)
 p - a +1 pair of gloves (worn)
Jewellery
 j - a +4 ring of protection (left hand)
 x - a ring of protection from cold
Wands
 k - a wand of mindburst (14)
Scrolls
 e - a scroll of poison
 i - a scroll of brand weapon
 o - a scroll of magic mapping
 u - 2 scrolls of enchant armour
 w - a scroll of identify
Potions
 b - 2 potions of attraction
 c - 2 potions of flight {unknown}
 g - a potion of resistance {unknown}
 l - a potion of invisibility {unknown}
 n - a potion of heal wounds {unknown}
 q - a potion of might
 r - a potion of mutation {unknown}
 t - 2 potions of berserk rage {unknown}
 v - a potion of degeneration {unknown}


   Skills:
 - Level 4.0 Fighting
 + Level 7.2 Short Blades
 + Level 7.4 Stealth
 - Level 2.8 Unarmed Combat
 - Level 3.0 Spellcasting
 + Level 7.8 Fire Magic


You had 12 spell levels left.
You knew the following spells:

 Your Spells              Type           Power      Damage    Failure   Level
a - Scorch                Fire           60%        2d8       1%          2

Your spell library contained the following spells:

 Spells                   Type           Power      Damage    Failure   Level
 Summon Small Mammal      Summ           8%         N/A       16%         1
 Call Canine Familiar     Summ           2%         N/A       43%         3
 Gell's Gravitas          Tloc           2%         N/A       43%         3
 Lesser Beckoning         Tloc           2%         N/A       43%         3
 Summon Guardian Golem    Hex/Summ       2%         N/A       43%         3
 Teleport Other           Tloc           2%         N/A       43%         3


Dungeon Overview and Level Annotations

Branches:
Dungeon (7/15)             Temple (0/1) D:7

Altars:
Cheibriados
Dithmenos
Yredelemnul

Shops:
D:3 [

Annotations:
D:2 Terence
D:6 exclusion: boulder beetle


Innate Abilities, Weirdness & Mutations

You have a pair of small horns on your head.
You are mostly covered in icy blue scales. (AC +3)
Your demonic aura sometimes causes spilled blood to erupt in flames.
You regenerate health from kills.


Message History

Okay, then.
Unknown command.
A protective cloak of flame settles atop you.
The manticore bites you!
* * * LOW HITPOINT WARNING * * *
The manticore barely misses you. The manticore completely misses you.
Okay, then.
Unknown command.
As you read the scroll of teleportation, it crumbles to dust.
You feel strangely unstable.
The manticore bites you but does no damage.
The manticore is burned by your cloak of flames.
The manticore is moderately wounded.
The manticore claws you but does no damage.
The manticore claws you!
* * * LOW HITPOINT WARNING * * *
You feel better.
The manticore bites you but does no damage.
The manticore closely misses you. The manticore barely misses you.
You feel better. The manticore completely misses you.
The manticore claws you but does no damage. x2
The manticore is burned by your cloak of flames.
The manticore is moderately wounded.
You barely miss the manticore. Your headbutt misses the manticore.
The manticore is moderately wounded.
Your +0 spectral dagger hits the manticore.
The manticore bites you!
* * * LOW HITPOINT WARNING * * *
The manticore is burned by your cloak of flames.
The manticore is heavily wounded.
The manticore claws you!
* * * LOW HITPOINT WARNING * * *
The manticore is burned by your cloak of flames.
The manticore is heavily wounded.
The manticore claws you but does no damage.
You hit the manticore.
The manticore is heavily wounded.
Your +0 spectral dagger closely misses the manticore.
The manticore bites you.
You die...

####### ##. #.....#### #
#........## #
##################.....## #
)#†...)#.....#:[$#......## #
.#.....#.....#.[.#.......# #
.#..#..#..#..# [Y#[......# #
.#..#..#..#).###H#.......# #
....#.....#....(@#.......# ##
....#.....#......#)......## ##.
##################........# ##..
.....................>....# ##..#
.........................####..##
##################.....#####.###
..?.#.....# #...######.##
....#.....# #..........###
.#..#..#.!# ##########...#


You could see a manticore, a yak and a friendly +0 spectral dagger (summoned).

Vanquished Creatures
  A vampire mosquito (D:6)
  Edmund (D:4)
  A water moccasin (D:6)
  Duvessa (D:5)
  3 sky beasts (D:7)
  3 black bears
  An orc warrior (D:6)
  2 ogres
  A phantom (D:6)
  5 bullfrogs
  A kobold brigand (D:7)
  3 necrophages
  5 wights (D:7)
  Dowan (D:5)
  2 electric eels (D:7)
  2 howler monkeys
  3 jellies
  5 gnoll boudas
  9 orc priests
  3 hounds
  An iguana (D:3)
  Ijyb (D:3)
  7 orc wizards
  30 gnolls
  7 adders
  2 shadow imps
  An ufetubus (D:6)
  3 dart slugs
  47 orcs
  2 ball pythons
  A bat (D:1)
  7 endoplasms
  2 giant cockroaches
  3 hobgoblins
  14 jackals
  7 quokkas
  A frilled lizard (D:1)
  8 goblins
  10 kobolds
  A rat (D:1)
208 creatures vanquished.

Vanquished Creatures (others)
  5 plants
5 creatures vanquished.

Grand Total: 213 creatures vanquished

Notes
Turn   | Place    | Note
-------+----------+-------------------------------------------
     0 | D:1      | frimble the Demonspawn Cinder Acolyte began the quest for
                  | the Orb.
     0 | D:1      | Reached XP level 1. HP: 18/18 MP: 2/2
   712 | D:1      | Gained mutation: You have a pair of small horns on your
                  | head. [demonic ancestry]
   712 | D:1      | Reached XP level 2. HP: 20/24 MP: 3/3
   715 | D:1      | Learned a level 2 spell: Scorch
  1798 | D:2      | Reached XP level 3. HP: 26/29 MP: 5/5
  2182 | D:2      | Found a faded altar of an unknown god.
  2401 | D:2      | Reached skill level 1 in Short Blades
  2725 | D:2      | Noticed Terence
  2838 | D:3      | Found a shadowy altar of Dithmenos.
  3068 | D:3      | Gained mutation: You are partially covered in icy blue
                  | scales. (AC +2) [demonic ancestry]
  3068 | D:3      | Reached XP level 4. HP: 27/35 MP: 5/7
  3489 | D:3      | Noticed Ijyb
  3643 | D:4      | Noticed Edmund
  3647 | D:4      | Found a snail-covered altar of Cheibriados.
  3914 | D:4      | Gained mutation: You regenerate a little health from kills.
                  | [demonic ancestry]
  3914 | D:4      | Reached XP level 5. HP: 32/42 MP: 1/8
  4297 | D:4      | Found a basalt altar of Yredelemnul.
  4324 | D:5      | Entered Level 5 of the Dungeon
  4326 | D:5      | Reached skill level 1 in Stealth
  4338 | D:5      | Noticed Duvessa
  4343 | D:5      | Gained mutation: You are mostly covered in icy blue scales.
                  | (AC +3) [demonic ancestry]
  4343 | D:5      | Reached XP level 6. HP: 48/48 MP: 4/10
  4355 | D:5      | Killed Duvessa
  4428 | D:5      | Noticed Dowan
  4441 | D:5      | Killed Dowan
  4571 | D:5      | Gained mutation: You regenerate health from kills. [demonic
                  | ancestry]
  4571 | D:5      | Reached XP level 7. HP: 51/54 MP: 11/11
  5060 | D:4      | Killed Edmund
  5651 | D:4      | Reached skill level 5 in Fire Magic
  5818 | D:4      | Reached XP level 8. HP: 60/60 MP: 12/12
  6328 | D:3      | Killed Ijyb
  6387 | D:3      | Found Nearemp's Antique Armour Shoppe.
  7182 | D:5      | Reached skill level 5 in Short Blades
  7240 | D:6      | Reached skill level 5 in Stealth
  7555 | D:6      | Gained mutation: Your demonic aura sometimes causes spilled
                  | blood to erupt in flames. [demonic ancestry]
  7555 | D:6      | Reached XP level 9. HP: 65/65 MP: 13/13
  7987 | D:6      | Noticed a boulder beetle
  8997 | D:7      | Found a staircase to the Ecumenical Temple.
  9299 | D:7      | Noticed a manticore
  9310 | D:7      | HP: 1/65 [manticore (7)]
  9311 | D:7      | Slain by a manticore

Illustrated notes

Levels and vault maps discovered:
D:1:      wander_arrival_estate, layout_basic
D:2:      layout_loops_ring, hellmonk_ecumenical_altar_inner_sanctum,
          uniq_terence, uniq_crazy_yiuf_cottage, uniq_robin
D:3:      layout_loops_corners, old_standard_altar, serial_shops,
          nicolae_lakefront_shop, minmay_fountain_box, uniq_ijyb
D:4:      lemuel_castle_with_subvaults [lemuel_castle_interior_carwin_3],
          layout_basic, grunt_temple_overflow_open, uniq_edmund
D:5:      layout_gridville, uniq_duvessa
D:6:      minmay_octagon_keep, layout_cave_pools, minmay_manual_monstrance
D:7:      kennysheep_windowed_halls, layout_cave_pods,
          minmay_temple_entry_proselytizer, serial_bayou, serial_bayou_crossing,
          serial_bayou_pond_b, serial_bayou_lake_a, serial_bayou_pond_e,
          serial_shops, shop

Skill      XL: |  1  2  3  4  5  6  7  8  9 |
---------------+----------------------------+-----
Fire Magic     | 3 4 5 6 7 |  7.8
Short Blades   | 1 2 3 4 5 7 |  7.2
Spellcasting   | 2 3 |  3.0
Fighting       | 4 |  4.0
Stealth        | 1 2 3 5 7 |  7.4
Unarmed Combat | |  2.8

Action                   |  1- 3 |  4- 6 |  7- 9 || total
-------------------------+-------+-------+-------++-------
Melee: Unarmed           |    41 |       |       ||    41
       Dagger            |    83 |    70 |   619 ||   772
       Headbutt          |    14 |    12 |   137 ||   163
       Punch             |     2 |     1 |    14 ||    17
 Cast: Scorch            |    10 |    19 |     9 ||    38
Invok: Fiery Armour      |     1 |       |     2 ||     3
Evoke: Wand              |       |       |     4 ||     4
  Use: Scroll            |       |     8 |     7 ||    15
       Potion            |       |     2 |     3 ||     5
 Stab: Sleeping          |       |     2 |     7 ||     9
       Distracted        |       |       |     6 ||     6
Armor: Robe              |    23 |    17 |   228 ||   268
Dodge: Dodged            |    77 |    32 |   246 ||   355

Table legend: (Time is in decaauts)
 A = Elapsed time spent in this place.
 B = Non-inter-level travel time spent in this place.
 C = Inter-level travel time spent in this place.
 D = Time resting spent in this place.
 E = Time spent auto-exploring this place.
 F = Levels seen in this place.
 G = Mean time per level.
                   A        B        C        D        E       F      G
               +--------+--------+--------+--------+--------+-----+--------+
         Total |   9163 |   8984 |    179 |    990 |   6372 |   7 | 1309.0 |
       Dungeon |   9163 |   8984 |    179 |    990 |   6372 |   7 | 1309.0 |
               +--------+--------+--------+--------+--------+-----+--------+

Top non-repeatable levels by time:
     D:4: 2143 daAuts
     D:1: 1765 daAuts
     D:3: 1318 daAuts
     D:5: 1083 daAuts
     D:6: 1080 daAuts
     D:2: 1003 daAuts
     D:7: 768 daAuts
